 Dungeon Crawl Stone Soup version 0.13-a0-2907-g70ca29e (webtiles) character file.

385 PolkaDot the Vexing (level 5, -6/35 HPs)
             Began as a Vampire Enchanter on Aug 31, 2013.
             Was a Believer of Makhleb.
             Mangled by a worm (10 damage)
             ... on Level 3 of the Dungeon.
             The game lasted 00:19:42 (4303 turns).

PolkaDot the Vexing (Vampire Enchanter)             Turns: 4303, Time: 00:19:42

HP  -6/35        AC  3     Str  7      XL: 5   Next: 66%
MP   4/10        EV 12     Int 18      God: Makhleb [**....]
Gold 162         SH  0     Dex 14      Spells:  2 memorised,  3 levels left

Res.Fire  : . . .   See Invis. : +   a - +1 dagger (curse) {=f}
Res.Cold  : + + .   Warding    : .   b - +1 robe
Life Prot.: + + +   Conserve   : .   (no shield)
Res.Poison: +       Res.Corr.  : .   (no helmet)
Res.Elec. : .       Clarity    : +   (no cloak)
Sust.Abil.: . .     Spirit.Shd : .   (no gloves)
Res.Mut.  : .       Stasis     : .   (no boots)
Res.Rott. : +       Flight     : .   f - amulet of clarity {unknown}
Saprovore : . . .                    (no ring)
                                     p - ring of see invisible {unknown}

@: regenerating slowly, slightly resistant to hostile enchantments, quite
stealthy
A: fangs 3, see invisible, unbreathing
a: Bat Form, Minor Destruction, Renounce Religion


You were on level 3 of the Dungeon.
You worshipped Makhleb.
Makhleb was most pleased with you.
You were near bloodless.

You visited 1 branch of the dungeon, and saw 3 of its levels.

You collected 142 gold pieces.

Inventory:

Hand weapons
 a - a cursed +1,+1 dagger (weapon) {=f}
 r - a -1,-2 elven dagger
Missiles
 d - 9 darts (quivered)
Armour
 b - a +1 robe (worn)
Scrolls
 i - a scroll of noise
 j - 6 scrolls of identify {unknown}
 n - 2 scrolls of enchant weapon I
Jewellery
 f - an amulet of clarity (around neck) {unknown}
 p - a ring of see invisible (left hand) {unknown}
Books
 c - a book of Maledictions

   Spells                             Type                      Level
   *Corona                            Hexes                        1
   Sure Blade                         Hexes/Charms                 2
   Ensorcelled Hibernation            Hexes/Ice                    2
   *Confuse                           Hexes                        3
   Enslavement                        Hexes                        4
   Invisibility                       Hexes                        6


   Skills:
 + Level 2.8 Short Blades
 - Level 0.7 Throwing
 - Level 2.1 Dodging
 + Level 5.0 Stealth
 - Level 1.6 Spellcasting
 * Level 7.3 Hexes


You had 3 spell levels left.
You knew the following spells:

 Your Spells              Type           Power        Failure   Level  Hunger
a - Corona                Hex            ####...      1%          1    #......
c - Confuse               Hex            ####....     2%          3    ####...


Dungeon Overview and Level Annotations

Branches:
Dungeon (3/27)

Altars:
Makhleb


Innate Abilities, Weirdness & Mutations

You heal slowly.
You have razor-sharp teeth.*
You have supernaturally acute eyesight.
You can survive without breathing.*


Message History

p - an encrusted moonstone ring (left hand) {tried} Put on which piece of jewellery? (? for menu, Esc to quit)
f - a thick peridot amulet (around neck) {tried}
Casting: Confuse
Confirm with . or Enter, or press ? or * to list all spells.
Aiming: Confuse
Press: ? - help, Shift-Dir - straight line, f - worm
Aim: a worm The worm resists with some effort.
Casting: Confuse
Confirm with . or Enter, or press ? or * to list all spells.
Aiming: Confuse
Press: ? - help, Shift-Dir - straight line, f/p - worm
Aim: a worm The worm appears confused.
You hit the worm but do no damage.
The worm bites the rat!
The rat is killed!
Makhleb accepts your kill.
You barely miss the worm. The worm bites you!
You die...

#######........>..
#.............#.##
###.###.#####.#..
#...r.#.#...#.#.#
#.##w.....#.#.#.#
#.###.#.#.#.#.#.##
#.#.....#.#.#....#
#w#.#.### #.#....#
#@#.#.. #.##...#
#........# #..
#.#..... .....####
#... #.#.#r## ....
#.#..####.#.#.##
...
.......)........ #
#.#..####.#.#.##
#.#.#.## ###.#.).
..#.##


You could see a worm (confused).

Vanquished Creatures
  A hound (D:2)
  3 gnolls (D:2)
  7 adders (D:2)
  A worm (D:3)
  4 giant geckos
  2 oozes
  8 orcs (D:3)
  9 bats
  4 giant cockroaches
  11 goblins
  6 hobgoblins
  2 jackals (D:2)
  13 kobolds
  2 quokkas (D:2)
  3 ball pythons
  2 giant newts
  7 rats
85 creatures vanquished.

Vanquished Creatures (others)
  5 toadstools (D:1)
5 creatures vanquished.

Grand Total: 90 creatures vanquished

Notes
Turn   | Place    | Note
--------------------------------------------------------------
     0 | D:1      | PolkaDot, the Vampire Enchanter, began the quest for the Orb.
     0 | D:1      | Reached XP level 1. HP: 13/13 MP: 4/4
   395 | D:1      | Reached XP level 2. HP: 19/19 MP: 3/5
   439 | D:1      | Reached skill level 5 in Hexes
  1022 | D:1      | Reached XP level 3. HP: 20/24 MP: 6/6
  1299 | D:1      | Learned a level 3 spell: Confuse
  1636 | D:2      | Found a burning altar of Makhleb.
  1652 | D:2      | HP: 1/24 [hound (5)]
  1668 | D:2      | Became a worshipper of Makhleb the Destroyer
  2093 | D:2      | Reached skill level 6 in Hexes
  2093 | D:2      | Reached XP level 4. HP: 23/30 MP: 8/8
  2504 | D:2      | Acquired Makhleb's first power
  3286 | D:2      | Reached XP level 5. HP: 18/35 MP: 6/10
  3501 | D:2      | Reached skill level 7 in Hexes
  3984 | D:3      | Acquired Makhleb's second power
  4115 | D:3      | Reached skill level 5 in Stealth
  4162 | D:3      | HP: 1/35 [hound (1)]
  4168 | D:3      | HP: 1/35 [hound (1)]
  4303 | D:3      | Mangled by a worm

Action                   |  1- 3 |  4- 6 || total
-------------------------+-------+-------++-------
Melee: Dagger            |   154 |   288 ||   442
Throw: Dart              |    28 |       ||    28
 Cast: Corona            |    10 |       ||    10
       Confuse           |     4 |    38 ||    42
 Abil: End Transformatio |       |     1 ||     1
       Bat Form          |       |     1 ||     1
  Use: Potion            |     5 |     1 ||     6
       Scroll            |     2 |     8 ||    10
 Stab: Sleeping          |     5 |     4 ||     9
       Confused          |       |    17 ||    17
       Distracted        |       |     3 ||     3
